 Dungeon Crawl Stone Soup version 0.26-a0-466-g989023bd0d (webtiles) character file.

Game seed: 5954950899485249784

31 vurker the Chiller (level 3, -9/20 HPs)
             Began as a Kobold Ice Elementalist on July 29, 2020.
             Mangled by Sigmund
             ... wielding a +0 scythe
              (10 damage)
             ... on level 2 of the Dungeon.
             The game lasted 00:01:51 (1449 turns).

vurker the Chiller (Kobold Ice Elementalist)        Turns: 1449, Time: 00:01:52

Health: -9/20      AC:  3    Str:  5    XL:     3   Next: 40%
Magic:  4/7        EV: 15    Int: 17    God:
Gold:   31         SH:  0    Dex: 15    Spells: 3/7 levels left

rFire    + . .     SeeInvis .   e - +0 short sword
rCold    . . .     Faith    .   (shield restricted)
rNeg     . . .     Spirit   .   a - +0 robe
rPois    .         Reflect  .   (no helmet)
rElec    .         Harm     .   (no cloak)
rCorr    .                      (no gloves)
MR       .....                  b - +0 pair of boots
Stlth    ++........             (no amulet)
HPRegen  0.06/turn              h - ring of protection from fire
MPRegen  0.10/turn              (no ring)

@: confused, frozen ramparts
A: small, nightstalker 3
a: no special abilities


You were on level 2 of the Dungeon.
You visited 1 branch of the dungeon, and saw 2 of its levels.

You collected 31 gold pieces.

Inventory:

Hand Weapons
 e - a +0 short sword (weapon)
   (You took it off a kobold on level 1 of the Dungeon)
Armour
 a - a +0 robe (worn)
 b - a +0 pair of boots (worn)
   (You found it on level 1 of the Dungeon)
Jewellery
 h - a ring of protection from fire (left hand)
   (You found it on level 1 of the Dungeon)
Scrolls
 d - a scroll of remove curse {unknown}
 f - a scroll of amnesia {unknown}
 g - a scroll of fog {unknown}
 i - a scroll of identify {unknown}
Potions
 c - a potion of stabbing {unknown}
 j - 2 potions of cancellation {unknown}


   Skills:
 + Level 1.1 Fighting
 - Level 2.4 Dodging
 - Level 2.6 Stealth
 * Level 2.9 Spellcasting
 * Level 4.4 Ice Magic


You had 3 spell levels left.
You knew the following spells:

 Your Spells              Type           Power        Failure   Level
a - Freeze                Ice            ###.         3%          1
b - Frozen Ramparts       Ice            ###...       9%          3

Your spell library contained the following spells:

 Spells                   Type           Power        Failure   Level
 Ozocubu's Armour         Ice            ###.....     9%          3
 Hailstorm                Conj/Ice       ##......     56%         4
 Summon Ice Beast         Ice/Summ       ##......     56%         4


Dungeon Overview and Level Annotations

Branches:
Dungeon (2/15)

Altars:

Annotations:
D:2 Sigmund


Innate Abilities, Weirdness & Mutations

You are small and have problems with some larger weapons.
You are completely attuned to the shadows.


Message History

Things that are here:
a +0 short sword; a stone
Things that are here:
a +0 short sword; a stone
Things that are here:
a +0 club; a +0 club; a goblin corpse You see here a stone.
Done exploring.
Done exploring.
Done exploring.
Done exploring.
Search for what [? for help]? ego Can't find anything matching that.
Unknown command.
There is a stone staircase leading down here.
You climb downwards.
There is a stone staircase leading up here.
This spell is quite dangerous to cast!
Memorise Frozen Ramparts, consuming 3 spell levels and leaving 3?
You start memorising the spell.
You continue memorising. x3
You finish memorising.
Spell assigned to 'b'.
Sigmund the Dreaded comes into view.
He is wielding a +0 scythe.
Found 11 gold pieces.
A leopard gecko comes into view.
The leopard gecko hisses angrily.
Sigmund shouts!
Sigmund casts a spell.
Sigmund flickers and vanishes!
Deactivating autopickup; reactivate with Ctrl-A.
The leopard gecko bites you but does no damage.
The spell is quite dangerous to cast (9% risk of failure)!
Continue anyway?
The walls around you are covered in ice.
The wall freezes the leopard gecko.
The leopard gecko seems to slow down.
The leopard gecko misses you.
The wall freezes something.
The wall freezes the leopard gecko.
You kill the leopard gecko!
The wall freezes something.
You hear some strange, mumbled words.
You are confused.
The wall freezes something.
Something hits you!
The wall freezes something.
Something barely misses you.
You hit something.
You bump into the rock wall.
The wall freezes something.
Something hits you!
Ouch! That really hurt!
* * * LOW HITPOINT WARNING * * *
You bump into the rock wall.
The wall freezes something.
Something hits you!
Ouch! That really hurt!
You die...

###### .....#
..@..#
$..l.#######
.....#..@..#
##.....###.####
#.....#.......
...^......####.
######....<#
#.##..# . .....
###.... ..♣.♣.


There were no monsters in sight!

Vanquished Creatures
  A dart slug (D:1)
  A leopard gecko (D:2)
  3 bats (D:1)
  2 giant cockroaches (D:1)
  5 goblins (D:1)
  4 hobgoblins (D:1)
  4 kobolds (D:1)
  5 rats (D:1)
25 creatures vanquished.

Notes
Turn   | Place    | Note
-------+----------+-------------------------------------------
     0 | D:1      | vurker the Kobold Ice Elementalist began the quest for the
                  | Orb.
     0 | D:1      | Reached XP level 1. HP: 10/10 MP: 3/3
   419 | D:1      | Reached XP level 2. HP: 16/16 MP: 1/5
   805 | D:1      | Reached XP level 3. HP: 17/20 MP: 2/7
   901 | D:1      | Reached skill level 1 in Fighting
  1418 | D:2      | Learned a level 3 spell: Frozen Ramparts
  1425 | D:2      | Noticed Sigmund
  1448 | D:2      | HP: 1/20 [something (12)]
  1449 | D:2      | Mangled by Sigmund

Illustrated notes

Levels and vault maps discovered:
D:1:      lightli_arrival_quake, layout_loops_ring, minmay_misc_feat_five,
          grunt_decor_arrowhead
D:2:      layout_basic, serial_forest, infiniplex_forest_lined_corner,
          infiniplex_forest_lined_3, infiniplex_forest_clump_curved,
          infiniplex_forest_lined_3_way, infiniplex_forest_clump_medium,
          infiniplex_forest_straight_3, infiniplex_forest_lined_2,
          infiniplex_forest_diagonal, uniq_sigmund, uniq_natasha,
          uniq_crazy_yiuf_cottage

Skill      XL: |  1  2  3 |
---------------+----------+-----
Fighting       | 1 |  1.1
Dodging        | |  2.4
Stealth        | |  2.6
Spellcasting   | |  2.9
Ice Magic      | |  4.4

Action                   || total
-------------------------++-------
Melee: Unarmed           ||     9
       Whip              ||     1
       Short sword       ||     2
 Cast: Freeze            ||    36
       Frozen Ramparts   ||     1
 Stab: Sleeping          ||     1
Armor: Robe              ||     7
Dodge: Dodged            ||    25

Table legend: (Time is in decaauts)
 A = Elapsed time spent in this place.
 B = Non-inter-level travel time spent in this place.
 C = Inter-level travel time spent in this place.
 D = Time resting spent in this place.
 E = Time spent auto-exploring this place.
 F = Levels seen in this place.
 G = Mean time per level.
                   A        B        C        D        E       F      G
               +--------+--------+--------+--------+--------+-----+--------+
         Total |   1447 |   1440 |      7 |      0 |   1277 |   2 |  723.5 |
       Dungeon |   1447 |   1440 |      7 |      0 |   1277 |   2 |  723.5 |
               +--------+--------+--------+--------+--------+-----+--------+

Top non-repeatable levels by time:
     D:1: 1411 daAuts
     D:2: 35 daAuts
